AoeStats
← Simón Bolivar

Golden Pit

508787874Analyzed
1v1 RM · 10d ago on Sep 24, 2026· 47m 46s· 2 players
Game mode
Random Map
Map size
Tiny (2 player)
Population
200
Speed
Normal
Resources
Standard
Victory
Conquest
Starting age
Dark Age
Ending age
Imperial Age
RankedLock teamsTeams togetherTeam positionsShared explorationLock speedFull tech treeHidden civsTurbo modeCheats
Victory
Defeat
377
+17
🇦🇷 Khmer · Argentina
400
-17
KeepClickingUrKillingLotsoStuff
1:23 Loom
11:26 Feudal Age
11:56 Double-Bit Axe
12:50 Wheelbarrow
14:14 Wheelbarrow
14:20 Wheelbarrow
18:12 Gold Mining
22:23 Horse Collar
27:16 Castle Age
25:37 Fletching
26:24 Padded Archer Armor
27:24 Pikeman
28:05 Squires
29:32 Bodkin Arrow
29:59 Town Watch
29:48 Crossbowman
29:49 Elite Skirmisher
30:46 Stone Mining
31:22 Ballistics
30:43 Treadmill Crane
32:49 Stone Shaft Mining
32:50 Gold Shaft Mining
34:24 Hand Cart
34:25 Arson
36:14 Town Patrol
37:31 Fervor
38:59 Leather Archer Armor
39:47 Murder Holes
44:12 Imperial Age
43:36 Forging
Simón Bolivar
10:21 Feudal Age
8:39 Loom
18:56 Bloodlines
21:14 Scale Mail Armor
23:23 Castle Age
23:46 Double-Bit Axe
26:59 Pikeman
35:09 Town Watch
50:19 Imperial Age
Connection lost

Rejoining the realm…

Still unreachable

The connection could not be restored.

Session expired

The server has moved on; the page needs a fresh start.